 Dungeon Crawl Stone Soup version 0.27.1-15-g792fb953b9 (webtiles) character file.

Game seed: 11208061972278240723

30 TheCrusader the Magician (level 3, -1/27 HPs)
             Began as a Djinni Fire Elementalist on Nov 21, 2021.
             Frozen to death by an endoplasm (7 damage)
             ... on level 1 of the Dungeon.
             The game lasted 00:06:55 (1783 turns).

TheCrusader the Magician (Djinni Fire Elementalist) Turns: 1783, Time: 00:06:58

Health: -1/27      AC:  2    Str:  7    XL:     3   Next: 37%
Gold:   34         EV: 12    Int: 17    God:
                   SH:  0    Dex: 13

rFire    + + .     SeeInvis .   c - +0 dagger
rCold    x . .     Faith    .   (no shield)
rNeg     . . .     Spirit   .   a - +0 robe
rPois    ∞         Reflect  .   (no helmet)
rElec    .         Harm     .   (no cloak)
rCorr    .         Rampage  .   (no gloves)
Will     .....                  (boots unavailable)
Stlth    ++........             (no amulet)
HPRegen  0.09/turn              e - ring of magical power
MPRegen  0.00/turn              (no ring)

@: flying
A: sickness immunity, fire resistance 2, cold vulnerability 1, float, innate
caster, hp casting, extra vitality 1
a: no special abilities


You were on level 1 of the Dungeon.
You visited 1 branch of the dungeon, and saw 1 of its levels.

You collected 34 gold pieces.

Inventory:

Hand Weapons
 c - a +0 dagger (weapon)
Armour
 a - a +0 robe (worn)
Jewellery
 e - a ring of magical power (left hand)
Scrolls
 b - a scroll of identify {unknown}
 d - a scroll of fear {unknown}
 f - 3 scrolls of noise {unknown}
Potions
 g - a potion of haste {unknown}


   Skills:
 * Level 1.1 Fighting
 + Level 2.4 Dodging
 - Level 1.5 Stealth
 + Level 3.0 Spellcasting


You couldn't memorise any spells.
You knew the following spells:

 Your Spells              Type           Power      Damage    Failure   Level
a - Foxfire               Conj/Fire      52%        2x1d6     4%          1
b - Conjure Flame         Conj/Fire      13%        6-21      14%         3
c - Inner Flame           Hex/Fire       13%        N/A       14%         3
d - Sticky Flame          Conj/Fire      13%        2d4       43%         4
e - Fireball              Conj/Fire      6%         3d5       80%         5
f - Apportation           Tloc           26%        N/A       4%          1
Your spell library was empty.

Dungeon Overview and Level Annotations

Branches:
Dungeon (1/15)

Altars:

Shops:
D:1 [


Innate Abilities, Weirdness & Mutations

You are immune to sickness and miasma.
You are immune to poison.
Your flesh is very heat resistant. (rF++)
You are vulnerable to cold. (rC-)
You float through the air rather than walking.
You learn spells naturally, not from books.
Your magical power is your life essence.
You have superior vitality. (+4 HP)


Message History

Your foxfire dissipates!
You see here a bubbling sapphire potion.
You conjure some foxfire!
Your foxfire dissipates!
The endoplasm closely misses you.
You conjure some foxfire!
The endoplasm barely misses you.
There is not enough space to conjure foxfire!
Your foxfire dissipates!
You conjure some foxfire!
The endoplasm jiggles.
The endoplasm freezes you.
You are frozen.
There is not enough space to conjure foxfire!
Your foxfire dissipates!
You conjure some foxfire!
The endoplasm closely misses you.
There is not enough space to conjure foxfire!
Your foxfire dissipates!
You conjure some foxfire!
The endoplasm hits you.
Your foxfire dissipates!
You conjure some foxfire!
The endoplasm freezes you.
You are frozen.
You feel a terrible chill!
Your foxfire dissipates!
You conjure some foxfire!
The endoplasm hits you.
Your foxfire dissipates!
The foxfire hits the endoplasm.
The endoplasm is almost dead.
You are too injured to fight recklessly!
You are too injured to fight recklessly!
The endoplasm freezes you.
You are frozen.
You feel a terrible chill!
* * * LOW HITPOINT WARNING * * *
You are too injured to fight recklessly!
Casting: Foxfire (safe; 4% risk of failure)
Confirm with . or Enter, or press ? or * to list all spells.
You conjure some foxfire!
* * * LOW HITPOINT WARNING * * *
The endoplasm freezes you.
You are frozen!
You feel a terrible chill!
You die...

##...## #.# ##'##
#.# #.# ##.##
#####.# #.#.#
....#.## ##.##
#....## #.#
#.....######## #.#
#............###.#
.##.#..###.....v@J.#
..[.#..###.###.#####
...........# #.#
#####..##### #.#
#..# #.#
#..#######.#
#.....†....#
#.########## #####.#


You could see an endoplasm (ally target).

Vanquished Creatures
  2 dart slugs (D:1)
  2 ball pythons (D:1)
  4 endoplasms (D:1)
  5 giant cockroaches (D:1)
  A goblin (D:1)
  A hobgoblin (D:1)
  2 jackals (D:1)
  A quokka (D:1)
  A bat (D:1)
  2 frilled lizards (D:1)
  A rat (D:1)
22 creatures vanquished.

Vanquished Creatures (others)
  105 foxfires (D:1)
105 creatures vanquished.

Grand Total: 127 creatures vanquished

Notes
Turn   | Place    | Note
-------+----------+-------------------------------------------
     0 | D:1      | TheCrusader the Djinni Fire Elementalist began the quest
                  | for the Orb.
     0 | D:1      | Reached XP level 1. HP: 15/15 MP: 0/0
   332 | D:1      | Reached XP level 2. HP: 18/22 MP: 0/0
   962 | D:1      | Found Omaugo's Armour Emporium.
  1129 | D:1      | Reached XP level 3. HP: 13/26 MP: 0/0
  1129 | D:1      | Learned a level 1 spell: Apportation
  1357 | D:1      | Reached skill level 1 in Fighting
  1357 | D:1      | Reached skill level 3 in Spellcasting
  1783 | D:1      | Frozen to death by an endoplasm

Illustrated notes

Levels and vault maps discovered:
D:1:      sevenhm_arrival_forest_fort_small_6, layout_loops_corners,
          serial_shops, nicolae_square_shop

Skill      XL: |  1  2  3 |
---------------+----------+-----
Fighting       | 1 |  1.1
Spellcasting   | 3 |  3.0
Dodging        | |  2.4
Stealth        | |  1.5

Action                   || total
-------------------------++-------
 Cast: Foxfire           ||    76
Armor: Robe              ||     6
Dodge: Dodged            ||    22
